 Dungeon Crawl Stone Soup version 0.30-a0-702-gdf48620a09 (webtiles) character file.

Game seed: 17209374129696777228

2177 drugrobin the Martial Artist (level 8, -5/100 HPs)
             Began as a Demigod Delver on Jan 22, 2023.
             Slain by a human
             ... wielding a +0 war axe
              (13 damage)
             ... in a bailey.
             The game lasted 00:16:34 (6649 turns).

drugrobin the Martial Artist (Demigod Delver)       Turns: 6649, Time: 00:16:34

Health: -5/100     AC:  7    Str: 17    XL:     8   Next: 86%
Magic:  10/10      EV: 11    Int: 12    God:
Gold:   312        SH:  0    Dex: 19    Spells: 7/7 levels left

rFire   . . .      SeeInvis +    b - +0 dagger (venom)
rCold   . . .      Faith    .    (no shield)
rNeg    . . .      Spirit   .    k - +0 ring mail
rPois   .          Reflect  .    (no helmet)
rElec   .          Harm     .    A - +0 cloak
rCorr   .          Rampage  .    t - +0 pair of gloves
Will    .....                    (no boots) Stlth
                                 f - amulet of magic regeneration
HPRegen 0.36/turn                q - ring of see invisible
MPRegen 0.52/turn                (no ring)

@: berserking, hasted, very quick
A: high MP 1, forlorn, divine attributes
a: no special abilities


You were in a bailey.
You visited 1 branch of the dungeon, and saw 7 of its levels.
You also visited: Bailey.

You collected 312 gold pieces.

Inventory:

Hand Weapons
 b - a +0 dagger of venom (weapon)
 c - a +1 dagger of draining
 d - a +0 sling
Missiles
 p - 18 poisoned darts
 w - 8 boomerangs (quivered)
Armour
 a - a +0 leather armour
 k - a +0 ring mail (worn)
 t - a +0 pair of gloves (worn)
 A - a +0 cloak (worn)
Jewellery
 f - an amulet of magic regeneration (around neck)
 q - a ring of see invisible (left hand)
Wands
 h - a wand of iceblast (5)
Scrolls
 g - 2 scrolls of enchant weapon
 j - 2 scrolls of teleportation {unknown}
 m - 3 scrolls of fog
 n - 4 scrolls of immolation {unknown}
 o - a scroll of magic mapping
 r - a scroll of amnesia
 B - 3 scrolls of torment {unknown}
 E - 3 scrolls of fear
 F - a scroll of butterflies
Potions
 e - a potion of haste
 i - a potion of degeneration {unknown}
 l - a potion of brilliance {unknown}
 s - 2 potions of curing
 v - 3 potions of might {unknown}
 x - 3 potions of attraction
 z - 3 potions of berserk rage
 C - a potion of resistance {unknown}
 D - 2 potions of heal wounds {unknown}
 G - a potion of cancellation {unknown}
 H - a potion of lignification {unknown}


   Skills:
 + Level 4.6 Fighting
 - Level 1.7 Dodging
 - Level 4.5 Stealth
 * Level 10.5 Unarmed Combat


You had 7 spell levels left.
You didn't know any spells.
Your spell library contained the following spells:

 Spells                   Type           Power      Damage    Failure   Level
 Lesser Beckoning         Tloc           0%         N/A       67%         2
 Dazzling Flash           Conj/Hex       0%         N/A       88%         3
 Gell's Gravitas          Tloc           0%         N/A       88%         3
 Ozocubu's Armour         Ice            0%         N/A       88%         3
 Teleport Other           Tloc           0%         N/A       88%         3
 Iskenderun's Mystic Bla  Conj/Tloc      0%         2d3       99%         4
 Metabolic Englaciation   Hex/Ice        0%         N/A       100%        5
 Simulacrum               Ice/Necr       0%         N/A       100%        6
 Starburst                Conj/Fire      0%         6d3       100%        6


Dungeon Overview and Level Annotations

Branches:
Dungeon (7/15)             Temple (0/1) D:6          Bailey (1/1)

Shops:
D:5 (


Innate Abilities, Weirdness & Mutations

You have an increased reservoir of magic. (+10% MP)
You shall have no god before yourself.
Your divine heritage dramatically boosts your attributes as you level up.


Message History

The human closely misses you.
You closely miss the human.
The human is moderately wounded.
You closely miss the human. You punch the human!
The human is severely wounded.
You closely miss the human.
The human is severely wounded.
You hit the human but do no damage.
The human is severely wounded.
You closely miss the human. Your punch misses the human.
The human is severely wounded.
The human hits you with a +1 heavy hand axe.
The human misses you.
You closely miss the human.
The human is severely wounded.
The human hits you but does no damage.
Your +0 dagger of venom begins to drip with poison!
b - a +0 dagger of venom (weapon)
You hit the human but do no damage.
The human is severely wounded.
The human hits you with a +1 heavy hand axe!
You hit the human but do no damage.
The human is poisoned.
The human is heavily wounded.
The human hits you with a +0 war axe!
* * * LOW HITPOINT WARNING * * *
You hit the human but do no damage.
The human is heavily wounded.
The human barely misses you. The human hits you with a +0 war axe.
* * * LOW HITPOINT WARNING * * *
It was a potion of berserk rage.
A red film seems to cover your vision as you go berserk!
You feel yourself moving faster!
You feel mighty!
You barely miss the human.
The human is heavily wounded.
The human hits you with a +1 heavy hand axe!
* * * LOW HITPOINT WARNING * * *
You barely miss the human.
The human is heavily wounded.
The human hits you with a +0 war axe!
You die...

#####
##...##
#.....#
#.∩.∩@#
#...pp#
##..g####
#'#)#~~##
...#~~~~~#
#...#~~~~~#
#...#~~~~~#
#...##~~~##
#..####'##


You could see 2 humans and a goblin.

Vanquished Creatures
  Prince Ribbit (D:6)
  Eustachio (D:4)
  A water moccasin (D:6)
  2 ice beasts (D:6)
  A sky beast (D:6)
  A black bear (D:6)
  An ogre (D:5)
  A phantom (D:5)
  A kobold brigand (D:7)
  A necrophage (D:4)
  A scorpion (D:5)
  4 bullfrogs (Bailey)
  3 hounds
  2 jellies (D:5)
  2 orc priests
  2 gnoll boudas (D:5)
  Natasha (thrice) (D:2)
  5 iguanas
  4 orc wizards
  7 gnolls (D:5)
  6 adders
  An ufetubus (D:6)
  A worm (D:2)
  A dart slug (D:1)
  18 orcs
  5 ball pythons
  3 endoplasms
  3 giant cockroaches
  6 goblins
  7 hobgoblins
  6 jackals
  2 quokkas
  4 bats
  4 frilled lizards
  7 kobolds
  4 rats
122 creatures vanquished.

Notes
Turn   | Place    | Note
-------+----------+-------------------------------------------
     0 | D:5      | drugrobin the Demigod Delver began the quest for the Orb.
     0 | D:5      | Reached XP level 1. HP: 18/18 MP: 3/3
     6 | D:4      | Noticed a hound
    20 | D:4      | Noticed a necrophage
    27 | D:4      | Noticed an iguana
   147 | D:3      | Reached skill level 2 in Unarmed Combat
   395 | D:1      | Reached XP level 2. HP: 25/25 MP: 4/4
   655 | D:1      | Reached skill level 3 in Unarmed Combat
  1046 | D:1      | Reached XP level 3. HP: 26/30 MP: 5/5
  1247 | D:2      | Noticed Natasha
  1255 | D:2      | Killed Natasha
  1256 | D:2      | Reached skill level 4 in Unarmed Combat
  1256 | D:2      | Reached XP level 4. HP: 24/37 MP: 6/6
  1503 | D:2      | Noticed Natasha
  1516 | D:2      | Killed Natasha
  2158 | D:2      | Noticed Natasha
  2170 | D:2      | Killed Natasha
  2171 | D:2      | Reached skill level 5 in Unarmed Combat
  2171 | D:2      | Reached XP level 5. HP: 30/42 MP: 7/7
  2934 | D:4      | Noticed Eustachio
  3094 | D:4      | Killed Eustachio
  3095 | D:4      | Reached skill level 6 in Unarmed Combat
  3095 | D:4      | Reached XP level 6. HP: 43/50 MP: 8/8
  3425 | D:5      | Reached skill level 7 in Unarmed Combat
  3626 | D:5      | Reached XP level 7. HP: 37/56 MP: 9/9
  4068 | D:5      | Found Suonuale's Weapon Shop.
  4282 | D:5      | Reached skill level 8 in Unarmed Combat
  5137 | D:6      | Reached skill level 9 in Unarmed Combat
  5451 | D:6      | Reached XP level 8. HP: 51/62 MP: 10/10
  6123 | D:6      | Found a staircase to the Ecumenical Temple.
  6123 | D:6      | Noticed Prince Ribbit
  6137 | D:6      | Killed Prince Ribbit
  6138 | D:6      | Reached skill level 10 in Unarmed Combat
  6545 | D:7      | Found a flagged portal.
  6578 | Bailey   | Entered a bailey
  6649 | Bailey   | Slain by a human

Illustrated notes

Levels and vault maps discovered:
D:1:      amcnicky_arrival_gap_in_the_tavern_cellar, layout_rooms,
          chequers_serial_rivers_room_a
D:2:      layout_rooms, basic_altar, uniq_natasha
D:3:      layout_loops_cross, grunt_temple_overflow_open,
          kennysheep_generic_room_5
D:4:      layout_loops_corners, uniq_eustachio
D:5:      layout_basic, serial_corexii_hall, corexii_hall_statues_l,
          chequers_hall_statues_corner_a, corexii_hall_statues_l,
          corexii_hall_statues_x, serial_shops,
          nicolae_shop_temple_entry_statues_fountains, kennysheep_nondescript
D:6:      layout_cave_pools, minmay_temple_entry_poolview,
          serial_co_window_serial, co_window_paths_b, co_window_paths_b,
          co_window_cross_1, co_window_corner_a, co_window_paths_a,
          co_window_broadway_a, co_window_broadway_b, co_window_paths_c,
          co_window_paths_d, glass_columns_b, glass_columns_c, glass_columns_a,
          glass_columns_b, minmay_misc_feat_rows, uniq_prince_ribbit1
D:7:      layout_rooms, enter_bailey_4, hangedman_glass_teeth,
          minmay_misc_feat_chi, minmay_ruined_shrine
Bailey:   bailey_axe_froggy_fort_hellmonk, bailey

Skill      XL: |  1  2  3  4  5  6  7  8 |
---------------+-------------------------+-----
Unarmed Combat | 2 3 4 5 6 7 9 10 | 10.5
Fighting       | 4 |  4.6
Dodging        | |  1.7
Stealth        | |  4.5

Action                   |  1- 3 |  4- 6 |  7- 9 || total
-------------------------+-------+-------+-------++-------
Melee: Unarmed           |    21 |    42 |   210 ||   273
       Dagger            |    72 |   106 |    33 ||   211
       Punch             |     3 |     9 |    15 ||    27
 Fire: Sling             |       |       |     4 ||     4
Throw: Dart              |       |     6 |    25 ||    31
Evoke: Wand              |     2 |     2 |     3 ||     7
  Use: Scroll            |     1 |       |     7 ||     8
       Potion            |       |       |     3 ||     3
 Stab: Sleeping          |     9 |     4 |     2 ||    15
       Distracted        |     1 |       |     1 ||     2
Armor: Leather armour    |     3 |       |       ||     3
       Ring mail         |    21 |    79 |    73 ||   173
Dodge: Dodged            |    50 |   110 |   145 ||   305

Table legend: (Time is in decaauts)
 A = Elapsed time spent in this place.
 B = Non-inter-level travel time spent in this place.
 C = Inter-level travel time spent in this place.
 D = Time resting spent in this place.
 E = Time spent auto-exploring this place.
 F = Levels seen in this place.
 G = Mean time per level.
                   A        B        C        D        E       F      G
               +--------+--------+--------+--------+--------+-----+--------+
         Total |   6624 |   6371 |    253 |   1123 |   3600 |   8 |  828.0 |
       Dungeon |   6561 |   6308 |    253 |   1123 |   3600 |   7 |  937.3 |
        Bailey |     62 |     62 |      0 |      0 |      0 |   1 |   62.0 |
               +--------+--------+--------+--------+--------+-----+--------+

Top non-repeatable levels by time:
     D:6: 1454 daAuts
     D:4: 1447 daAuts
     D:5: 1260 daAuts
     D:3: 874 daAuts
     D:1: 729 daAuts
     D:2: 680 daAuts
     D:7: 114 daAuts
  Bailey: 62 daAuts
